Cogmind - Beta 17.1 @@@ ROGUE MODE // 2026.09.09 @ 18:41:42 Player: Avari3l Result: Destroyed by Autobeam Turret with Autobeam Performance ------------- Evolutions (0) 0 Regions Visited (3) 600 Robots Destroyed (28) 140 Value Destroyed (636) 636 Prototype IDs (0) 0 Alien Tech Used (0) 0 Bonus (102) 102 TOTAL SCORE: 1478 Bonus ------- Follower Combat Kills 102 Cogmind --------- Core Integrity 0/250 Matter 273/300 Energy 250/250 System Corruption 0% Temperature Cool (18) Movement Treading (160) Location -10/Subcaves Parts ------- > --- POWER (1) -------- Ion Engine > --- PROPULSION (2) --- Light Treads Light Treads > --- UTILITY (2) ------ Large Storage Unit Structural Scanner > --- WEAPON (2) ------- Particle Gun Subdweller Machine Gun > --- INVENTORY (15) --- Ion Engine Heat Sink Heat Sink Large Storage Unit Sensor Array Seismic Detector Propulsion Shielding EM Pulse Gun Subdweller Beam Cannon Battle Rifle Barrage Gun Mining Laser Peak State ------------ > --- POWER ------------ Ion Engine > --- PROPULSION ------- Light Treads Light Treads > --- UTILITY ---------- Large Storage Unit Structural Scanner > --- WEAPON ----------- Small Laser Subdweller Machine Gun > --- INVENTORY -------- Ion Engine Light Treads Light Treads Heat Sink Heat Sink Large Storage Unit Sensor Array Seismic Detector Propulsion Shielding EM Pulse Gun Particle Gun Subdweller Beam Cannon Battle Rifle Barrage Gun Mining Laser [Rating: 10] Favorites ----------- Power Ion Engine Engine Ion Engine Propulsion Light Treads Treads Light Treads Utility Large Storage Unit Device Structural Scanner Storage Large Storage Unit Weapon Small Laser Energy Gun Small Laser Ballistic Gun Light Assault Rifle Build | -11 -10 -10 -10 ------- Run | Yrd Mat Min Sub Slots Evolved . | . . . . Power . | . . . . Propulsion . | . . . . Utility . | . . . . Weapon . | . . . . Parts Attached 23 | 8 9 2 4 Power 3 | 1 2 . . Engine 3 | 1 2 . . Core . | . . . . Reactor . | . . . . Propulsion 6 | 2 2 . 2 Treads 6 | 2 2 . 2 Leg . | . . . . Wheel . | . . . . Hover . | . . . . Flight . | . . . . Utility 6 | 3 2 1 . Device 4 | 2 1 1 . Storage 2 | 1 1 . . Processor . | . . . . Hackware . | . . . . Protection . | . . . . Artifact . | . . . . Weapon 8 | 2 3 1 2 Energy Gun 5 | . 3 1 1 Energy Cannon . | . . . . Ballistic Gun 3 | 2 . . 1 Ballistic Cannon . | . . . . Launcher . | . . . . Special Weapon . | . . . . Impact Weapon . | . . . . Slashing Weapon . | . . . . Piercing Weapon . | . . . . Special Melee Weapon . | . . . . Unidentified Prototypes . | . . . . Parts Lost 8 | . 5 . 3 Power 1 | . 1 . . Propulsion 3 | . 1 . 2 Utility 1 | . 1 . . Weapon 3 | . 2 . 1 Highest Loss Streak 3 | . 3 . 2 To Critical Strikes . | . . . . Average Backups 11 | 2 9 14 14 Power 1 | . 1 1 1 Propulsion 1 | 1 2 2 1 Utility 4 | . 4 7 6 Weapon 3 | . 2 4 5 Tool/Special . | . . . . Unused Backups 20 | . 7 1 12 Power 2 | . 1 . 1 Propulsion 4 | . 3 1 . Utility 7 | . 2 . 5 Weapon 7 | . 1 . 6 Tool/Special . | . . . . Average Slot Usage (%) 99 | . 99 99 100 Engine 14 | . 14 14 14 Treads 28 | . 28 28 28 Device 14 | . 14 14 14 Storage 14 | . 14 14 14 Energy Gun 15 | . 12 27 15 Ballistic Gun 12 | . 15 . 12 Peak Build Rating 10 | 9 9 8 10 Average Rating 8 | 5 8 7 9 On Entrance 6 | . 9 8 8 Avg Prop Armor Cover (%) . | . . . . Naked Turns . | . . . . Heaviest Build 31 | 12 28 29 31 Greatest Support 40 | 40 40 40 40 Greatest Overweight (x) . | . . . . Average Overweight (x) . | . . . . Largest Inventory Capacity 15 | 8 15 15 15 Average Capacity 12 | 7 11 15 15 Most Carried 15 | 5 15 15 15 Average Carried 11 | 3 9 14 14 Final Capacity 15 | 8 15 15 15 Final Carried 15 | 5 15 15 12 Class Distribution -------------------- 58% | Scavenger-Mutant 41% | Mutant Dominant Class ---------------- Scavenger-Mutant | -10/Materials Mutant | -10/Mines Scavenger-Mutant | -10/Subcaves Resources | -11 -10 -10 -10 ----------- Run | Yrd Mat Min Sub Matter Collected 552 | 304 180 30 38 Remotely . | . . . . Salvage Created 839 | 137 515 93 94 Parts 64 | 9 47 1 7 Haulers Intercepted 1 | . 1 . . Recyclers Shooed . | . . . . Parts Field Recycled . | . . . . Retrieved Matter . | . . . . Parts Self-Destructed 15 | . . . 15 Prevented . | . . . . Parts Restored . | . . . . Kills | -11 -10 -10 -10 ------- Run | Yrd Mat Min Sub Combat Hostiles Destroyed 20 | . 14 2 4 Guns 17 | . 12 1 4 AOE 3 | . 2 1 . Classes Destroyed 9 | 2 5 . 2 Tunneler 2 | 2 . . . Hauler 1 | . 1 . . Recycler 1 | 1 . . . Operator 1 | . 1 . . Turret 1 | . . . 1 Watcher 2 | . 2 . . Swarmer 9 | . 6 . 3 Grunt 10 | . 8 2 . Subdweller 1 | . . . 1 Best Kill Streak 5 | 2 5 1 3 Combat Bots Only 5 | . 5 1 3 Max Kills in Single Turn 2 | 1 2 1 1 Gunslinging . | . . . . Exploded 2 | . 2 1 . Melee . | . . . . Uniques/NPCs Destroyed . | . . . . Combat | -11 -10 -10 -10 -------- Run | Yrd Mat Min Sub Hostile Shots Fired 188 | . 64 14 110 Missed 66 | . 14 4 48 Hits 122 | . 50 10 62 Projectile 122 | . 50 10 62 Damage Taken 1550 | . 825 147 578 Core 251 | . 118 10 123 Absorbed by Shields . | . . . . Core Remaining (%) 100 | 100 . . . Volleys Fired 86 | 6 55 9 16 Largest 2 | 2 2 2 2 Hottest 95 | 40 60 80 95 Shots Fired 172 | 12 110 18 32 Gun 172 | 12 110 18 32 Cannon . | . . . . Launcher . | . . . . Special . | . . . . Kinetic 94 | 12 67 . 15 Thermal 59 | . 34 9 16 Explosive . | . . . . Electromagnetic 19 | . 9 9 1 Robot Hit Streak 14 | 3 14 5 7 Robot Miss Streak 5 | 2 3 3 5 Penetration Max . | . . . . Secondary Targets . | . . . . Shots Hit Robots 105 | 6 73 11 15 Core Hits 46 | 3 32 4 7 Critical Kills . | . . . . Critical Parts Destroyed . | . . . . Critical Strikes . | . . . . Melee Attacks . | . . . . Impact . | . . . . Slashing . | . . . . Piercing . | . . . . Sneak Attacks . | . . . . Combat Hostiles . | . . . . Follow-up Attacks . | . . . . Damage Inflicted 1403 | 71 845 220 267 Guns 1253 | 71 772 143 267 Cannons . | . . . . Explosions 149 | . 72 77 . Melee . | . . . . Ramming 1 | . 1 . . Kinetic 685 | 71 430 . 184 Thermal 571 | . 362 138 71 Explosive . | . . . . Electromagnetic 146 | . 52 82 12 Impact . | . . . . Slashing . | . . . . Piercing . | . . . . Highest Corruption . | . . . . Average Corruption . | . . . . Corruption Purged . | . . . . Corruption Blocked . | . . . . Overload Shots . | . . . . Overflow Damage 143 | . 143 . . Projectiles . | . . . . Explosions 143 | . 143 . . Melee . | . . . . Knockbacks . | . . . . Impact . | . . . . Kinetic . | . . . . Secondary . | . . . . Self-Inflicted Damage 313 | . 287 26 . Shots 5 | . 4 1 . Rammed 2 | . 2 . . Targets Rammed 2 | . 2 . . Kicked . | . . . . Crushed . | . . . . Highest Temperature 94 | . 94 15 13 Average Temperature 24 | . 28 7 5 Received Heat Transfer 612 | . 225 66 321 Siege Activations . | . . . . Martial Activations . | . . . . Shielding Activations . | . . . . Robots Disrupted . | . . . . Combat Hostiles . | . . . . Robots Corrupted . | . . . . Combat Hostiles . | . . . . Parts Fried . | . . . . Impact Corruptions . | . . . . Robots Melted . | . . . . Combat Hostiles . | . . . . Parts Melted 1 | . 1 . . Heat Transferred 1074 | . 725 175 174 Parts Sabotaged . | . . . . Parts Stolen . | . . . . Parts Stripped . | . . . . Power Chain Reactions 2 | . 1 1 . Alert | -11 -10 -10 -10 ------- Run | Yrd Mat Min Sub Maximum Alert Level . | . . . . Low Security (%) 100 | 100 100 100 . Level 1 . | . . . . Level 2 . | . . . . Level 3 . | . . . . Level 4 . | . . . . Level 5 . | . . . . High Security . | . . . . Max Security . | . . . . Peak Influence 174 | 5 174 70 . Initial 15 | . . 15 . Average 63 | 1 82 17 . Influence Increases 831 | 15 553 65 198 Destroy 0b10 Robot/C 480 | . 280 40 160 Destroy 0b10 Robot/NC 35 | 15 20 . . Destroy Leader 86 | . 76 10 . Allied During Kill 8 | . . . 8 Successful Hack 25 | . 25 . . Disable Machine 60 | . 45 15 . Destroy Structure 47 | . 47 . . Partial Spotted 15 | . 15 . . Lose Combat Pursuer 75 | . 45 . 30 Influence Decreases 765 | 15 514 104 132 Entered New Map 24 | . . 24 . Time Decay 641 | 15 464 80 82 Lost Part 60 | . 50 . 10 Lost Ally 40 | . . . 40 Squads Dispatched 4 | . 4 . . Investigation 1 | . 1 . . Extermination . | . . . . Reinforcement 3 | . 3 . . Assault . | . . . . Garrison . | . . . . Intercept . | . . . . Searches Triggered . | . . . . Construction Impeded . | . . . . Haulers Reinforced . | . . . . Active Scanning Responses . | . . . . Cargo Convoy Interrupts . | . . . . Stealth | -11 -10 -10 -10 --------- Run | Yrd Mat Min Sub Distress Signals 3 | . 2 1 . Communications Jammed . | . . . . Distress Signals . | . . . . Times Spotted 39 | . 26 2 11 Peak Tracking Total 6 | . 4 2 6 Tactical Retreats 3 | . 2 . 1 Traps | -11 -10 -10 -10 ------- Run | Yrd Mat Min Sub Traps Triggered . | . . . . Indirectly . | . . . . Trap Hack Attempts . | . . . . Triggered . | . . . . Disarmed . | . . . . Reprogrammed . | . . . . Reused . | . . . . Traps Extracted . | . . . . Installed . | . . . . Triggered . | . . . . Machines | -11 -10 -10 -10 ---------- Run | Yrd Mat Min Sub Machines Disabled 6 | . 3 1 2 Max in Single Turn 3 | . 3 1 1 Machines Repaired . | . . . . Machines Dismantled . | . . . . Machines Sabotaged . | . . . . Overloaded Fab Kills . | . . . . Hacking | -11 -10 -10 -10 --------- Run | Yrd Mat Min Sub Machines Accessed 7 | . 7 . . Terminals 5 | . 5 . . Fabricators . | . . . . Repair Stations . | . . . . Recycling Units 2 | . 2 . . Scanalyzers . | . . . . Garrison Access . | . . . . Total Hacks 20 | . 20 . . Successful 10 | . 10 . . Failed 9 | . 9 . . Catastrophic 1 | . 1 . . Database Lockouts 1 | . 1 . . Manual 12 | . 12 . . Terminals 16 | . 16 . . Fabricators . | . . . . Repair Stations . | . . . . Recycling Units 4 | . 4 . . Scanalyzers . | . . . . Garrison Access . | . . . . Terminal Hacks 3 | . 3 . . Robot Analysis 2 | . 2 . . Locate Traps 1 | . 1 . . Fabricator Hacks . | . . . . Repair Station Hacks . | . . . . Recycling Unit Hacks 3 | . 3 . . Report Inventory 2 | . 2 . . Retrieve Components 1 | . 1 . . Scanalyzer . | . . . . Garrison Access Hacks . | . . . . Unauthorized Hacks 4 | . 4 . . Terminals 4 | . 4 . . Botnet 4 | . 4 . . Fabricators . | . . . . Repair Stations . | . . . . Recycling Units . | . . . . Scanalyzers . | . . . . Garrison Access . | . . . . Data Cores Recovered 1 | . 1 . . Used 1 | . 1 . . Hacking Detections 6 | . 6 . . Full Trace Events 1 | . 1 . . Feedback Events . | . . . . Feedback Blocked . | . . . . Robot Schematics Acquired . | . . . . Robots Built . | . . . . Authchips . | . . . . Time . | . . . . Total Robot Build Rating . | . . . . Part Schematics Acquired . | . . . . Parts Built . | . . . . Authchips . | . . . . Time . | . . . . Total Part Build Rating . | . . . . Part Studies Acquired . | . . . . Parts Repaired . | . . . . Time . | . . . . Parts Recycled . | . . . . Recycled Matter . | . . . . Retrieved Matter . | . . . . Retrieved Components 3 | . 3 . . Parts Scanalyzed . | . . . . Part Schematics Acquired . | . . . . Parts Damaged . | . . . . Bothacking | -11 -10 -10 -10 ------------ Run | Yrd Mat Min Sub Used RIF Installer . | . . . . Robots Hacked . | . . . . Non-combat . | . . . . Combat . | . . . . Robot Hacks Applied . | . . . . Relay Couplers Released . | . . . . Fabnet Peak Effective % . | . . . . Robots Rewired . | . . . . Allies Hacked . | . . . . Hacks Repelled . | . . . . Allies | -11 -10 -10 -10 -------- Run | Yrd Mat Min Sub Total Allies 3 | . . 3 . Largest Group 3 | . . 3 3 Highest-Rated Group 40 | . . 40 40 Highest-Rated Ally 16 | . . 16 16 Total Orders . | . . . . Ally Attacks 31 | . . . 31 Total Damage 306 | . . . 306 Kills 5 | . . . 5 Allies Corrupted . | . . . . Allies Melted . | . . . . Intel | -11 -10 -10 -10 ------- Run | Yrd Mat Min Sub Active Infowar (turns) 1439 | 23 599 321 496 Terrain 616 | 17 599 . . Structural 817 | . . 321 496 Seismic 6 | 6 . . . Robot Analysis Total 2 | . 2 . . Derelict Logs Recovered . | . . . . Drone Launches . | . . . . Drone Recoveries . | . . . . Exploration | -11 -10 -10 -10 ------------- Run | Yrd Mat Min Sub Turns Passed 2310 | 141 1309 364 496 Spaces Moved 1183 | 68 654 199 262 Core 2 | 2 . . . Treads 1181 | 66 654 199 262 Legs . | . . . . Wheels . | . . . . Hover . | . . . . Flight . | . . . . Fastest Speed 50 | 50 160 160 160 Average Speed 159 | 156 160 160 160 Slowest Speed 160 | 160 160 160 160 Overloaded Moves . | . . . . Propulsion Burnouts . | . . . . Robots Hopped . | . . . . Potential Cave-ins . | . . . . Cave-ins Triggered . | . . . . Exploration Rate (%) 37 | 3 94 28 25 Regions Visited 3 Branch Regions 2 Pre-discovered Areas . | . . . . Known Exits Taken . | . . . . Unknown Exits Taken 3 | 1 1 1 . Scrap Searched 1 | . . 1 . Spaces Dug . | . . . . Terrain Destroyed 53 | . 53 . . Melee . | . . . . Projectile . | . . . . AOE 53 | . 53 . . Terrain Rammed . | . . . . Walls Destroyed . | . . . . Machines Disabled . | . . . . Actions | -11 -10 -10 -10 --------- Run | Yrd Mat Min Sub Total 1444 | 88 819 228 309 Wait 99 | 2 64 13 20 Move 1180 | 67 653 198 262 Hop . | . . . . Pick Up 34 | 5 23 3 3 Fast Attach 8 | 7 . . 1 Attach 9 | . 5 1 3 Detach . | . . . . Swap 7 | 1 5 1 . Drop 19 | . 12 3 4 Fire 86 | 6 55 9 16 Melee . | . . . . Ram . | . . . . Kick . | . . . . Crush 2 | . 2 . . Escape Stasis . | . . . . Rewire . | . . . . Trap . | . . . . Miscellaneous . | . . . . Route ------- -11/Scrapyard -10/Materials (discovered 6 exits: [*Mat x3] / [*Min x2] / [*Sub]) -10/Mines -10/Subcaves (discovered 1 exit: [*Rec]) History --------- Turn | Location | Event 21 | -11/Scrapyard | Discovered new exit (range 16) 142 | -11/Scrapyard | Entered Materials 246 | -10/Materials | Discovered new exit (range 5) 319 | -10/Materials | Build established: Mutant 329 | -10/Materials | Discovered new exit (range 15) 466 | -10/Materials | Lost 3 parts (1n2w) 505 | -10/Materials | Discovered new exit (range 13) 679 | -10/Materials | Discovered new exit (range 4) 798 | -10/Materials | Central database locked down 924 | -10/Materials | Build established: Scavenger-Mutant 1030 | -10/Materials | Discovered new exit (range 5) 1189 | -10/Materials | Discovered new exit (range 16) 1451 | -10/Materials | Entered Mines 1461 | -10/Mines | Met a Derelict bent on vengeance 1463 | -10/Mines | Core integrity fell below 50% 1627 | -10/Mines | Discovered new exit (range 5) 1728 | -10/Mines | Assisted by bots powering up and referring to "LRC-V3" 1761 | -10/Mines | Assembled infested the area 1801 | -10/Mines | Build established: Mutant 1815 | -10/Mines | Entered Subcaves 1815 | -10/Subcaves | Accompanied by 3 allies 1971 | -10/Subcaves | Shifting Twisted Machinery released Barrage Gun 2125 | -10/Subcaves | A swath of the cavern ceiling suddenly collapsed 2153 | -10/Subcaves | Build established: Scavenger-Mutant 2256 | -10/Subcaves | Discovered new exit (range 13) 2282 | -10/Subcaves | Core integrity fell below 20% 2311 | -10/Subcaves | Destroyed by Autobeam Turret with Autobeam Last Messages --------------- 02257_ S-10 Pest springs to life. 02260_ S-10 Pest destroyed. 02261_ Trooper 1b destroyed. 02263_ Mercenary 1a destroyed. 02264_ S-10 Pest destroyed. 02273_ Acquired 8 matter. 02275_ Flight Unit fries itself beyond repair. 02277_ Lgt. Assault Rifle fries itself beyond repair. 02280_ Flight Unit fries itself beyond repair. 02281_ Machine disabled. 02283_ Lgt. Assault Rifle fries itself beyond repair. 02284_ Flight Unit fries itself beyond repair. 02284_ Lgt. Ion Engine fries itself beyond repair. 02284_ Machine disabled. 02287_ Flight Unit fries itself beyond repair. 02299_ Autobeam Turret destroyed. 02301_ Sml. Laser destroyed. Map ----- +----------------------------------------------------+ | ??????????????????????????????????????????? # | | ??????????????????????????????????????? ## | | ???????????????????????????????????????### ### | | ???????????????????????????????????????########### | | ????????????????????????????????????????########?# | | ?????????????????????????????????????????????????? | | ?????????????????????????????????????????????????? | | ?????????????????????????????????????????????????? | | ?????????????????????????????????????????????????? | | ?????????????????????????????????????????????????? | | ?????????????????????????????????????????????????? | | ?????????????????????????????????????????????????? | | ?????????????????????????????????????????????????? | | ?????????????????????????????????????????????????? | | ?????????????????????????????????????????????????? | | ?????????????????????????????????????????????????? | | ?????????????????????????????????????????????????? | | ?????????????????????????????????????? #????????? | | ???????????????????######????????????? ###??###### | | ???????????????????############# ? ## "#### ##### | | ???????????????????## ############< "#### ### | | ???????????????????## ### ### " ## ## | | ??????????????????????## ## | | ????????????????????#####% =%[ ###??### | | ????????????????????#####%% = ####### | | ???????????????????### @%% ##### | | ???????????????????## ## ## | | ???????????????????## ## ## | | ???????????????????#### #### ### | | ???????????????#####" "## ## # | | ???????????????##### ? #### ## ### | | ???????????????## # ??######## ## | | ???????????????## #" t% ???####### ### | | ???????????????## #" " ???### #### | | ???????????????## #"""" " ""?## #### | | ???????????????##" #####<####?## #### | | ???????????????##""############## # ## # | | ???????????????###"" ############ "# | | ????????????????### ## #### # ## "# | | ????????????????#### ## #### | | ?????????????????### "" | | ??????????????????#### ## # ### # ### # | | ??????????????????######################## ##### | | ????????????????????############################## | | ????????????????????????????????????????#######?## | | ?????????????????????????????????????????????????? | | ?????????????????????????????????????????????????? | | ?????????????????????????????????????????????????? | | ?????????????????????????????????????????????????? | | ?????????????????????????????????????????????????? | +----------------------------------------------------+ Best States ------------- Heat Dissipation 35 Energy Generation 10 Energy Capacity 250 Matter Stores 300 Matter Capacity 300 Sight Range 16 Terrain Scan Range 16 Terrain Scan Density 10 Evasion (%) 40 Recoil Reduction 2 Item Schematics ----------------- None Robot Schematics ------------------ None Fabricated ------------ Nothing Repaired ---------- Nothing Studied --------- None Alien Tech Used ----------------- None Achievements -------------- None Challenges ------------ None Game ------ Seed EtherialProtonMediator Manual? 0 Play Time 00:26:59 Cumulative 125.6 hours Start 2026.09.09 @ 18:15:05 End 2026.09.09 @ 18:41:42 Sessions 1 Manual Loads 0 Difficulty Rogue Special Mode None Game No. 64 Rogue 64 Adventurer 0 Explorer 0 Win Type - Total 1 Types 1/0/0/0/0/0/0/0/0/0 Lore% 26 Gallery% 41 Achievement% 26 Wizard Run 0 Options --------- Layout 1 ASCII 0 Keyboard 0 Movement Numpad Keybinds 0 Fullscreen 1 Font 24/Smallcaps Map View 50x35 Zoom Use 0% Tactical HUD 1 Map Filters NONE Filters NONE Steam 1 RUN: 53ad738c-42bc-47dd-8b6d-44990137577d